[Event "FIDE WY-U16 Olympiad 2022"]
[Site "Nakhchivan"]
[Date "2022.10.05"]
[Round "4.2"]
[White "Celik, Hasan Huseyin"]
[Black "Talibov, Shiroghlan"]
[Result "1-0"]
[ECO "B03"]
[WhiteElo "2323"]
[BlackElo "2342"]
[Annotator "TA"]
[PlyCount "87"]
[EventDate "2022.10.02"]
[EventType "team-tourn"]
[EventCountry "AZE"]
[SourceTitle "playchess.com"]
[Source "ChessBase"]
[SourceQuality "1"]
[WhiteTeam "Turkey"]
[BlackTeam "Azerbaijan"]
[WhiteTeamCountry "TUR"]
[BlackTeamCountry "AZE"]
[TimeControl "40/5400+30:1800+30"]

1. e4 Nf6 2. e5 Nd5 3. d4 d6 4. c4 Nb6 5. f4 dxe5 6. fxe5 Nc6 7. Be3 Bf5 8. Nc3 e6 9. Nf3 Be7 10. Be2 O-O 11. O-O f6 12. exf6 Bxf6 13. Qd2 Qe7 14. Rad1 Rad8 15. Qc1 {[%emt 0:03:46] 15.Kh1 is more fashionable.} Kh8 16. h3 {[%emt 0:00:51] Threatens to win with g4. B03: Alekhine's Defence: Four Pawns Attack.} Bg6 17. Kh1 Rfe8 {[%emt 0:29:34] [#]} 18. b3 $146 {[%emt 0:06:54] White is better.} ({Predecessor:} 18. Rfe1 Qf7 19. c5 Nd5 20. Bg5 Nce7 21. Bc4 c6 22. Ne5 Qg8 23. Nxg6+ Nxg6 24. Ne4 {1-0 (38) Honfi,K-Vukic,M (2480) Bajmok 1978}) 18... a5 19. Bg1 a4 20. Nb5 (20. bxa4 Rc8 $14) (20. Nxa4 $6 Nxa4 21. bxa4 Ra8 $11) ({White should try} 20. Bd3 $16) 20... axb3 $14 21. axb3 Nc8 22. c5 {[%emt 0:17:05] Against Nd6} e5 {[%emt 0:16:03] Loses the game.} (22... N8a7 $14) 23. d5 $18 e4 24. dxc6 bxc6 25. Nbd4 exf3 26. Bxf3 Bxd4 (26... Na7 $16 {might work better.} 27. b4 (27. Nxc6 Nxc6 28. Bxc6 Rxd1 $16) 27... h6 28. Bxc6 (28. Nxc6 Nxc6 29. Bxc6 Bg5 $16) 28... Nxc6 29. Nxc6 Rxd1 30. Nxe7 Rxc1 31. Nxg6+ Kh7 32. Rxc1 Kxg6) 27. Bxd4 ({Resist} 27. Rxd4 $6 Qf6 $18) 27... Na7 $2 (27... Rf8 28. Bb2 Rf7 29. Bxc6 Rxf1+ 30. Rxf1 Na7) 28. Ba1 $2 (28. Qa1) 28... Rxd1 29. Rxd1 Qf7 (29... Bf7 {keeps fighting.} 30. Bc3 Nb5 31. Bxc6 Nxc3 32. Qxc3 (32. Bxe8 Ne2 $15) 32... Rd8) 30. Qc4 Qxc4 31. bxc4 {[%emt 0:00:01] And now Rd7 would win.} Bf5 (31... Kg8 $142 32. Bc3 Rf8) 32. Be5 Be6 (32... h6 {is a better defense.}) 33. Bxc7 {[%emt 0:00:19] This bishop pair is nice.} Bxc4 34. Bb6 Nb5 35. Bxc6 Rf8 36. Bf3 Rb8 {[%emt 0:00:41] [#]} 37. c6 $1 Rxb6 {[%emt 0:00:13] [#]} (37... h6 $142 38. c7 Re8) (37... Re8 38. c7) 38. Rd8+ $1 Bg8 39. Bd5 h5 40. Bxg8 {[%emt 0:00:58] Intending Bc4+ and mate.} Nc7 41. Bd5+ {[%emt 0:30:17] White mates.} Kh7 42. Be4+ Kh6 43. Rd6+ Kg5 44. g3 {[%emt 0:00:01] Weighted Error Value: White=0.23 (precise) /Black=0.64} 1-0

[Event "FIDE WY-U16 Olympiad 2022"]
[Site "Nakhchivan"]
[Date "2022.10.05"]
[Round "4.2"]
[White "Chen, Rachel Ruoxuan"]
[Black "Tenuunbold, Battulga"]
[Result "1/2-1/2"]
[ECO "B34"]
[WhiteElo "1805"]
[BlackElo "2128"]
[Annotator "TA"]
[PlyCount "127"]
[EventDate "2022.10.02"]
[EventType "team-tourn"]
[EventCountry "AZE"]
[SourceTitle "playchess.com"]
[Source "ChessBase"]
[SourceQuality "1"]
[WhiteTeam "Canada"]
[BlackTeam "Mongolia"]
[WhiteTeamCountry "CAN"]
[BlackTeamCountry "MGL"]
[TimeControl "40/5400+30:1800+30"]

1. e4 c5 2. Nf3 Nc6 3. d4 cxd4 4. Nxd4 Nf6 5. Nc3 e5 6. Ndb5 d6 7. Nd5 Nxd5 8. exd5 Nb8 9. a4 Be7 10. Be2 O-O 11. O-O {[%emt 0:00:19] B33: Sicilian: Pelikan and Sveshnikov Variations.} f5 12. Bd2 f4 13. a5 {[%emt 0:16:50] [#]} a6 $146 ({Predecessor:} 13... e4 14. Kh1 Nd7 15. Nc3 f3 16. gxf3 exf3 17. Bxf3 Ne5 18. Be4 Bg4 19. f3 Bh5 {1-0 (27) Sevian,S (2703)-Moiseenko,A (2582) Chess.com INT 2022}) 14. Nc3 Bf5 15. Bg4 (15. Re1 {is interesting.} Nd7 16. Bg4 Bxg4 17. Qxg4 Rc8 18. Ne4) 15... Qc8 16. Bxf5 Qxf5 17. f3 Nd7 18. Ne4 Nf6 19. Nxf6+ Rxf6 20. Be1 Rc8 21. c3 g5 22. b3 Rg6 23. h3 h5 24. Qb1 Qf7 25. Kf2 (25. Ra2 $15) 25... g4 $17 26. hxg4 {[%emt 0:00:10] [#]} hxg4 (26... Bh4+ $1 $17 27. Ke2 (27. Kg1 Bxe1 28. gxh5 Rg7 $17) 27... Bxe1 28. Qxe1 Qxd5) 27. c4 $2 {[%emt 0:04:02] [#]} (27. Rh1 $1 $11 {and White has nothing to worry.}) 27... Kg7 $2 ({Not} 27... gxf3 28. gxf3 Bh4+ 29. Ke2 Rg2+ 30. Kd1 Bxe1 31. Rxe1) ({Black should play} 27... e4 $1 $19 28. fxe4 f3) 28. Rh1 (28. Ke2 $15) 28... Rg8 ({Better is} 28... gxf3 $17 29. Kxf3 Rg8) 29. Ke2 $11 Kf8 30. Bf2 gxf3+ (30... Rg5 $1 $11 31. Qh7 R8g7 32. Qh8+ Rg8) 31. gxf3 $16 Bd8 32. Rh2 Rg2 33. Rh7 {[%emt 0:03:27] The board is on fire.} R8g7 34. Rxg7 (34. Rh6 $14) 34... Qxg7 35. Qf5+ Qf7 36. Qxf7+ (36. Qc8 {keeps more tension.} Qc7 37. Qh3 Qg7 38. Rh1) 36... Kxf7 $14 {[%emt 0:00:00][%mdl 4096] Endgame KRB-KRB. The position is equal.} 37. Kf1 Rh2 38. Kg1 Rh7 39. b4 Kg6 40. Re1 Kf5 41. Re4 Bc7 42. Kg2 Bd8 43. Kg1 Bh4 44. Bxh4 Rxh4 $11 {[%emt 0:00:00] KR-KR} 45. Kg2 Rh7 46. Kg1 Rh8 47. Kg2 Rb8 48. Kf2 Kf6 49. Re2 Rc8 50. Re4 Ke7 51. Kf1 Kd7 52. Kf2 Rb8 53. Re1 Rc8 54. Rc1 Ke7 55. c5 dxc5 56. bxc5 Rd8 $1 57. c6 bxc6 58. Rxc6 Rxd5 59. Rxa6 Rd2+ 60. Ke1 Ra2 61. Kf1 Kd7 62. Ke1 Kc7 63. Kf1 $1 Rb2 64. Re6 {[%emt 0:00:20] Weighted Error Value: White=0.17 (very precise) /Black=0.14 (very precise)} 1/2-1/2

[Event "FIDE WY-U16 Olympiad 2022"]
[Site "Nakhchivan"]
[Date "2022.10.05"]
[Round "4.3"]
[White "Orujov, Farid"]
[Black "Ozkan, Taha"]
[Result "0-1"]
[ECO "C07"]
[WhiteElo "2266"]
[BlackElo "2299"]
[Annotator "TA"]
[PlyCount "116"]
[EventDate "2022.10.02"]
[EventType "team-tourn"]
[EventCountry "AZE"]
[SourceTitle "playchess.com"]
[Source "ChessBase"]
[SourceQuality "1"]
[BlackTeam "Turkey"]
[BlackTeamCountry "TUR"]
[TimeControl "40/5400+30:1800+30"]

1. e4 e6 2. d4 d5 3. Nd2 c5 4. exd5 Qxd5 5. Ngf3 cxd4 6. g3 {[%emt 0:00:01] C07: French Tarrasch: 3...c5, 4 Ngf3 and 4 exd5 Qxd5.} (6. Bc4 Qd6 7. O-O) 6... Nc6 7. Bg2 {[%emt 0:00:02] [#]} Qb5 $146 ({Predecessor:} 7... e5 8. O-O Bg4 9. Re1 Nge7 10. h3 Bxf3 11. Nxf3 Qd6 12. c3 d3 13. Qb3 f5 14. Nxe5 Nxe5 15. Bf4 {1-0 (15) Sadhwani,R (2616)-Erigaisi,A (2660) Chess.com INT 2022}) 8. a4 {[%emt 0:00:13] The position is equal.} Qa6 9. Bf1 Qa5 10. Bb5 (10. Bg2 $11) 10... Bd7 ({Black should play} 10... a6 $15 11. Bxc6+ bxc6) 11. O-O $11 a6 12. Nc4 Qd8 13. Bxc6 Bxc6 14. Nce5 (14. Nxd4 {feels hotter.} Bd5 15. Ne5 Bd6 16. Re1) 14... Bxf3 15. Qxf3 Qc7 16. Qe4 ({White should try} 16. Qe2 $15) 16... Nf6 $17 17. Qxd4 {[%emt 0:04:43] [#]} Bc5 $1 18. Qf4 Bd6 $36 {[%emt 0:00:40][%csl LRc2,LRe5][%mdl 2048] Black is in control.} 19. Re1 O-O 20. Qd4 Bxe5 21. Qxe5 Qxc2 22. Bg5 Nd5 ({Inferior is} 22... Ng4 23. Qf4 h6 24. Qxg4 $15) 23. Rac1 (23. a5 $17) 23... Qxa4 $19 24. Re4 Qd7 {[%emt 0:01:08] [#] And now ...f6 would win.} 25. Rd1 Rfe8 26. Rg4 f5 27. Rgd4 Rac8 28. Bd2 Qc7 29. Qe2 Qb6 30. Qe5 Nf6 31. Bc3 Qc5 32. Qe2 Nd5 33. Be1 Qe7 34. h4 f4 35. Bd2 (35. Re4 $142 Qf7 36. Rd3) 35... fxg3 36. fxg3 Qc7 37. Kh2 h6 38. Re4 (38. Rf1 $142) 38... e5 (38... Nf6 $19 {and Black stays clearly on top.} 39. Rc1 Qd7) 39. Re1 $2 {[%emt 0:00:56] Loses the game.} (39. Rc1 $17 {keeps fighting.} Qd6 40. Rxe5 Qxe5 41. Qxe5 Rxe5 42. Rxc8+ Kf7 43. Kh3) 39... Nf6 ({But not} 39... Qc2 $2 40. Kh3 $19) 40. Rb4 b5 41. Bc3 Qc5 42. Rd1 h5 43. Rf1 $2 (43. Kg2) 43... Ng4+ 44. Rxg4 hxg4 45. Qxg4 Qc4 {[%emt 0:00:12] Prevents Qe4.} 46. Qf5 (46. Rf4 $142 Qa2 47. Qd7) 46... Qe6 47. Qg5 (47. Qxe6+ $142 Rxe6 48. Kg2) 47... Rf8 48. Rxf8+ Rxf8 49. Bxe5 {[%emt 0:01:00][%csl Ge5][%cal Rg5g7][%mdl 4096] Endgame KQR-KQB} Rf7 {[%emt 0:00:32] Hoping for ...Re7.} 50. Bc3 b4 (50... Qe2+ $142 51. Kh3 Qf1+ 52. Kg4 b4) 51. Bd4 Qe2+ 52. Kh3 Qf1+ 53. Kh2 Qf5 {[%emt 0:00:12] Threatens to win with ...Qxg5.} 54. Qe3 a5 {[%emt 0:00:46] Strongly threatening ...Rc7.} 55. b3 Rc7 56. Kg1 Kh7 {[%emt 0:00:49] ...Rc2 is the strong threat.} 57. Bb6 Rc2 {[%emt 0:00:54] ( -> ...Qd5)} 58. h5 Qd5 {[%emt 0:00:36] Weighted Error Value: White=0.75/Black=0.36} 0-1

[Event "FIDE WY-U16 Olympiad 2022"]
[Site "Nakhchivan"]
[Date "2022.10.05"]
[Round "4.3"]
[White "Amilal Munkhdalai"]
[Black "Zhao, Jeffrey Renfei"]
[Result "1-0"]
[ECO "B52"]
[WhiteElo "2200"]
[BlackElo "1807"]
[Annotator "TA"]
[PlyCount "51"]
[EventDate "2022.10.02"]
[EventType "team-tourn"]
[EventCountry "AZE"]
[SourceTitle "playchess.com"]
[Source "ChessBase"]
[SourceQuality "1"]
[WhiteTeam "Mongolia"]
[BlackTeam "Canada"]
[WhiteTeamCountry "MGL"]
[BlackTeamCountry "CAN"]
[TimeControl "40/5400+30:1800+30"]

1. e4 c5 2. Nf3 d6 3. Bb5+ Bd7 4. Bxd7+ Nxd7 5. O-O Ngf6 6. Qe2 Rc8 7. c3 {[%emt 0:04:19] B52: Sicilian: Moscow Variation with 3...Bd7.} e6 8. d3 Be7 9. Nbd2 {[%emt 0:03:04] The position is equal.} O-O 10. a4 {[%emt 0:01:20] [#]} b6 $146 ({Predecessor:} 10... Qc7 11. Re1 b6 12. Nf1 h6 13. Bf4 Rfe8 14. h3 a6 15. N1d2 Bf8 16. Bg3 Qb7 {½-½ (61) Markovic,M (2495)-Marjanovic,S (2425) Nis 1994}) 11. b3 Ne5 12. Nxe5 dxe5 13. Nc4 Qc7 14. f4 exf4 15. Bxf4 Qc6 {[%emt 0:01:15] [#]} 16. Rf3 $1 Nd7 17. Rh3 Rfd8 18. Rf1 {[%emt 0:03:38] Black must now prevent Ne5.} Nf8 19. Qh5 (19. Qg4 $16 f5 20. Qf3 (20. exf5 exf5 21. Qxf5 Qg6 $16)) 19... Qe8 20. Qg4 f6 21. Rg3 $40 {[%emt 0:00:52][%csl Gg3][%cal Rg4g7][%mdl 128] [#] White attacks with force. White has more active pieces.} g6 (21... g5 $16 {was necessary.}) 22. Bh6 f5 $2 (22... Rc6 23. h4 e5) 23. exf5 $18 {[%emt 0:00:27] White is clearly winning.} exf5 24. Qxf5 {[%emt 0:00:48] aiming for Qe5.} Bh4 25. Rg4 Rd7 26. Qxf8+ {[%emt 0:00:36] Weighted Error Value: White=0.12 (very precise) /Black=0.54} (26. g3 $142) 1-0

[Event "FIDE WY-U16 Olympiad 2022"]
[Site "Nakhchivan"]
[Date "2022.10.05"]
[Round "4.4"]
[White "Mustu, Hatice Asli"]
[Black "Abdinova, Narmin"]
[Result "1/2-1/2"]
[ECO "D30"]
[WhiteElo "1896"]
[BlackElo "1810"]
[Annotator "NA RC COMBH"]
[PlyCount "105"]
[EventDate "2022.10.02"]
[EventType "team-tourn"]
[EventCountry "AZE"]
[SourceTitle "playchess.com"]
[Source "ChessBase"]
[SourceQuality "1"]
[WhiteTeam "Turkey"]
[BlackTeam "Azerbaijan"]
[WhiteTeamCountry "TUR"]
[BlackTeamCountry "AZE"]
[TimeControl "40/5400+30:1800+30"]

1. d4 d5 2. c4 e6 3. Nf3 Nf6 4. g3 c6 5. Bg2 Nbd7 6. Qc2 Ne4 7. Nfd2 f5 8. O-O Be7 9. Nxe4 fxe4 $11 10. f3 exf3 11. exf3 O-O 12. Qe2 Bf6 13. Rd1 Re8 14. f4 Nb6 15. c5 Nd7 16. b4 a5 17. Bh3 axb4 18. Bb2 b6 19. cxb6 Nxb6 20. a3 Ba6 21. Qc2 bxa3 22. Nxa3 Nc4 23. Nxc4 Bxc4 24. Rxa8 Qxa8 25. Re1 Qa2 26. Qf2 Bd3 27. Bxe6+ Kh8 28. Bf5 Rxe1+ 29. Qxe1 Be4 30. Qb4 Kg8 31. Qb8+ Kf7 32. Qb7+ Be7 33. Bxe4 dxe4 34. Kf2 Qc4 35. Qb6 Qc2+ 36. Ke3 Qd3+ 37. Kf2 Qc2+ 38. Ke3 Qd3+ 39. Kf2 e3+ 40. Kg2 e2 41. Qa5 Qd1 42. Qf5+ Kg8 43. Qe6+ Kf8 44. Qc8+ Kf7 45. Qf5+ Ke8 46. Qc8+ Kf7 47. Qf5+ Kg8 48. Qe6+ Kf8 49. Qc8+ Kf7 50. Qf5+ Bf6 51. Qd7+ Kg6 52. Qg4+ Kf7 53. Qd7+ 1/2-1/2

[Event "FIDE WY-U16 Olympiad 2022"]
[Site "Nakhchivan"]
[Date "2022.10.05"]
[Round "4.4"]
[White "Jiang, Kate Yuhua"]
[Black "Khuslen, Erdenebayar"]
[Result "0-1"]
[ECO "B22"]
[WhiteElo "1649"]
[BlackElo "1590"]
[Annotator "NA RC COMBH"]
[PlyCount "138"]
[EventDate "2022.10.02"]
[EventType "team-tourn"]
[EventCountry "AZE"]
[SourceTitle "playchess.com"]
[Source "ChessBase"]
[SourceQuality "1"]
[WhiteTeam "Canada"]
[BlackTeam "Mongolia"]
[WhiteTeamCountry "CAN"]
[BlackTeamCountry "MGL"]
[TimeControl "40/5400+30:1800+30"]

1. e4 c5 2. c3 d5 3. exd5 Qxd5 4. d4 e6 5. Nf3 Nf6 6. Bd3 Nc6 7. O-O Be7 8. Re1 O-O 9. Be3 cxd4 10. cxd4 b6 11. Nc3 Qd6 12. a3 Bb7 13. Qe2 Rad8 14. Rad1 Rfe8 15. Bg5 g6 16. Bb5 Qb8 17. Ne5 Qc8 18. Qc4 Nd5 19. Bxe7 Ndxe7 20. Ne4 Rf8 21. Qc3 Nxe5 22. Nf6+ Kg7 23. dxe5 Qxc3 24. bxc3 Nc6 25. f4 Ne7 26. c4 Nf5 27. Kf2 h5 28. g3 Rh8 29. Ba4 Ba6 30. Bb5 Bxb5 31. cxb5 Nd6 32. a4 Nc4 33. Ke2 Nb2 34. Ra1 Rd4 35. Ke3 Rd3+ 36. Kf2 h4 37. g4 Rd2+ 38. Re2 Nd3+ 39. Ke3 Rxe2+ 40. Kxe2 Nxf4+ 41. Ke3 g5 42. Ne4 Kg6 43. Rc1 Rd8 44. Nd6 f6 45. Rc8 Rd7 46. Ke4 Nd5 47. Kd4 Ne7 48. Rf8 Nd5 49. Re8 Nf4 50. Rc8 f5 51. Rg8+ Kh6 52. gxf5 exf5 53. Kc4 Rc7+ 54. Kb3 Kh5 55. Nxf5 Rc5 56. Ng7+ Kg4 57. e6 Re5 58. Re8 Kh3 59. Kc3 Kxh2 60. Kd4 Re1 61. e7 Ng6 62. Nf5 Nxe7 63. Nxe7 g4 64. Rg8 g3 65. Nf5 Rf1 66. Ke4 Rxf5 67. Kxf5 g2 68. Kf4 h3 69. Kf3 g1=Q 0-1

[Event "FIDE WY-U16 Olympiad 2022"]
[Site "Nakhchivan"]
[Date "2022.10.05"]
[Round "4.5"]
[White "Sapenov, Daniyal"]
[Black "Tarhan, Adar"]
[Result "1/2-1/2"]
[ECO "E06"]
[WhiteElo "2323"]
[BlackElo "2320"]
[Annotator "TA"]
[PlyCount "89"]
[EventDate "2022.10.02"]
[EventType "team-tourn"]
[EventCountry "AZE"]
[SourceTitle "playchess.com"]
[Source "ChessBase"]
[SourceQuality "1"]
[WhiteTeam "Kazakhstan"]
[BlackTeam "Turkey"]
[WhiteTeamCountry "KAZ"]
[BlackTeamCountry "TUR"]
[TimeControl "40/5400+30:1800+30"]

1. d4 d5 2. c4 e6 3. Nf3 Nf6 4. g3 Be7 5. Bg2 O-O 6. Nc3 dxc4 7. Ne5 c5 8. dxc5 Qc7 9. Nxc4 {[%emt 0:00:12] E06: Closed Catalan: Early deviations.} Qxc5 10. b3 $1 {[%emt 0:14:32][%mdl 4] aiming for Ba3. is now more promising than 10.Qb3.} Rd8 11. Ba3 {[%emt 0:00:31] White has an edge.} Rxd1+ 12. Rxd1 Qh5 13. Bxe7 $16 {[%emt 0:00:12] Intending Rd8+ and mate.} Nbd7 14. O-O {[%emt 0:04:48] [#]} h6 $146 ({Predecessor:} 14... Ne8 15. Rd4 f6 16. Bb4 Ne5 17. Rh4 Qf7 18. Nxe5 fxe5 19. Ne4 a5 20. Ba3 a4 21. bxa4 {1-0 (32) Meier,G (2628)-Boensch,U (2516) Germany 2019}) 15. Rd3 Ng4 (15... b5 $16 {was necessary.}) 16. h3 $18 {[%emt 0:00:16] Active counter play!} Nge5 17. Nxe5 (17. g4 $18 Qg6 18. Nxe5 Nxe5 19. Rd8+ Kh7 20. Bh4) 17... Nxe5 (17... Qxe5 $14 18. Rc1 Kh7) 18. Rd8+ Kh7 19. g4 Qg6 {[%emt 0:00:06] [#]} 20. Rfd1 $2 ({White must play} 20. Bh4 $1 $18) 20... Nc6 $11 21. Re8 {[%emt 0:01:08][%cal Bd8e8,Be8e7,Be7c7,Bc7c4,Bc4c6][%mdl 32] Strongly threatening Bxc6.} Nxe7 22. Rxe7 Qf6 (22... f5 $1 $11 {keeps the balance.}) 23. Be4+ {[%emt 0:00:19][%mdl 1024] White has strong compensation.} g6 24. Rc7 Kg7 {[%emt 0:01:49] [#]} (24... Kg8 $16) 25. Bf3 $2 (25. Nb5 $1 $18) 25... Qe5 (25... e5 $5 ) 26. Rc4 {[%emt 0:00:11] White wants to play Rd8.} b5 27. Nxb5 Rb8 28. Nxa7 Bb7 29. Nc6 (29. Rd7 $1 $14 Bxf3 30. exf3) 29... Bxc6 30. Rxc6 Qb2 31. Rd7 {[%emt 0:08:02] Black must now prevent Rxe6.} Qxa2 32. Rcc7 ({White should play} 32. Rxe6 $1 $14 Qxb3 33. Re3) 32... Qa1+ {[%emt 0:00:13] The position is equal.} 33. Kg2 Qf6 34. Rb7 Rxb7 35. Rxb7 {[%emt 0:00:06][%mdl 4096] Endgame KQ-KRB} Qd4 36. e3 Qd3 37. b4 e5 {[%emt 0:02:03] Hoping for ...e4.} 38. Bc6 Qc4 39. b5 {[%emt 0:00:55] And now e4 would win.} Kf6 40. e4 {[%emt 0:02:17] Bd5 is the strong threat.} Kg5 $1 41. Bd5 Qd3 42. Rxf7 {[%emt 0:00:44] White threatens b6 and mate.} Kh4 $1 43. Rf3 Qxb5 44. Rb3 Qe2 45. Re3 {[%emt 0:00:20] Weighted Error Value: White=0.23 (precise) /Black=0.23 (precise)} 1/2-1/2

[Event "FIDE WY-U16 Olympiad 2022"]
[Site "Nakhchivan"]
[Date "2022.10.05"]
[Round "4.5"]
[White "Cebotari, Stanislav"]
[Black "Davudov, Tunar"]
[Result "0-1"]
[ECO "A05"]
[WhiteElo "2047"]
[BlackElo "2043"]
[Annotator "TA"]
[PlyCount "140"]
[EventDate "2022.10.02"]
[EventType "team-tourn"]
[EventCountry "AZE"]
[SourceTitle "playchess.com"]
[Source "ChessBase"]
[SourceQuality "1"]
[WhiteTeam "Moldova"]
[BlackTeam "Azerbaijan"]
[WhiteTeamCountry "MDA"]
[BlackTeamCountry "AZE"]
[TimeControl "40/5400+30:1800+30"]

1. Nf3 Nf6 2. g3 d5 3. Bg2 c5 4. d3 Nc6 5. O-O e5 6. Nbd2 Be7 7. e4 O-O 8. Re1 {[%emt 0:01:11] A08: King's Indian Attack.} dxe4 9. dxe4 Qc7 10. c3 {[%emt 0:00:10] The position is equal.} Rd8 11. Qc2 h6 12. Nc4 Be6 13. Ne3 c4 {[%emt 0:02:34] [#]} 14. Nd2 $146 ({Predecessor:} 14. Nf5 Bf8 15. Be3 Ng4 16. h3 Nxe3 17. Nxe3 Bc5 18. Kh2 Rd7 19. Nd2 Bxe3 20. Rxe3 {1-0 (54) Osmanodja,F (2295)-Humburg,P (2087) Dresden 2014}) 14... b5 15. a4 a6 16. axb5 axb5 17. Rxa8 Rxa8 18. Nd5 Qd6 19. Nf1 (19. Rd1 $5 ) 19... Bd8 ({Don't take} 19... Nxd5 20. exd5 Bxd5 21. Rd1 $16) 20. Nfe3 Bxd5 21. exd5 Ne7 22. b3 Bb6 23. bxc4 Bxe3 24. Bxe3 bxc4 25. Rd1 Nexd5 26. Qd2 Rd8 27. f4 {[%emt 0:05:24] [#]} (27. Qc2 $15) 27... exf4 $1 $17 28. Bxf4 Qe6 {[%emt 0:07:52] And now ...Rd7 would win.} 29. Be3 Re8 {[%emt 0:06:32] Black is more active.} (29... Ne4 $17 30. Bxe4 Qxe4) 30. Bf2 $11 {[%emt 0:00:33][%cal Rg2d5] This bishop pair is nice.} Rd8 (30... Ne3 $2 31. Re1 $18) 31. Re1 {[%emt 0:00:29] Inhibits Ne4.} Qd6 32. Qd4 Qa6 33. Rd1 Rd7 34. Bh3 $2 {[%emt 0:00:11][%mdl 8192] [#] Loses the game.} (34. Rb1 $11) 34... Nxc3 $1 $19 35. Qxd7 Nxd7 36. Rxd7 Qa1+ 37. Kg2 Qa8+ 38. Kg1 Qe4 39. Bg2 Qe6 (39... Qb1+ $142 40. Bf1 Ne2+ 41. Kg2 Qe4+ 42. Kh3 Qe6+ 43. g4 Qxd7 44. Bxe2 Qd2 45. Bd1 Qxf2 46. g5 hxg5 47. Kg4 Qg1+ 48. Kh3 Qxd1 49. Kg3 c3 50. h4 c2 51. Kh3 c1=Q 52. hxg5 Qxg5 53. Kh2 Qdh5#) 40. Rd2 Ne4 41. Re2 f5 42. g4 g6 43. h4 c3 {[%emt 0:01:07] ...Qc4 is the strong threat.} 44. gxf5 gxf5 {[%emt 0:00:07] Threatens to win with ...Qc4.} 45. Bxe4 fxe4 {[%emt 0:00:07] KQ-KRB. Black mates.} 46. Be3 Qc4 47. Kf2 h5 48. Bg5 c2 49. Re1 Qd3 50. Be3 Qd1 51. Bg5 Kf7 52. Rxe4 c1=Q 53. Bxc1 Qxc1 {[%emt 0:00:11] KQ-KR} 54. Kf3 Qh1+ 55. Ke3 Qg2 56. Kf4 Kf6 57. Ke3 Qg3+ 58. Ke2 Kf5 59. Rd4 Ke5 60. Rc4 Kd5 61. Rb4 Qg2+ 62. Ke3 Qg1+ 63. Ke2 Ke5 64. Rc4 Kf5 65. Rb4 Qa1 66. Kf2 Qc3 67. Rb5+ Kg4 68. Rd5 Qb2+ 69. Kg1 Qb1+ 70. Kh2 Qa2+ {[%emt 0:00:04] Weighted Error Value: White=0.47/Black=0.31} 0-1

[Event "FIDE WY-U16 Olympiad 2022"]
[Site "Nakhchivan"]
[Date "2022.10.05"]
[Round "4.6"]
[White "Akin, Yagiz Cinar"]
[Black "Kairbekova, Amina"]
[Result "0-1"]
[ECO "A50"]
[WhiteElo "2249"]
[BlackElo "2231"]
[Annotator "TA"]
[PlyCount "54"]
[EventDate "2022.10.02"]
[EventType "team-tourn"]
[EventCountry "AZE"]
[SourceTitle "playchess.com"]
[Source "ChessBase"]
[SourceQuality "1"]
[WhiteTeam "Turkey"]
[BlackTeam "Kazakhstan"]
[WhiteTeamCountry "TUR"]
[BlackTeamCountry "KAZ"]
[TimeControl "40/5400+30:1800+30"]

1. d4 Nf6 2. c4 g6 3. f3 Bg7 4. e4 d6 5. Be3 O-O 6. Nc3 c5 7. Nge2 Nc6 8. d5 Ne5 9. Ng3 h5 {[%emt 0:00:29][%cal Bh7h5,Bh5h4,Bh4h3][%mdl 32] And now ...h4 would win.} 10. Be2 {[%emt 0:00:03] E81: King's Indian: Sämisch: 6th move deviations (including 6 Be3 c6).} h4 11. Nf1 e6 12. Nd2 {[%emt 0:00:21] White is slightly better.} exd5 13. cxd5 (13. Nxd5 Nxd5 14. cxd5 f5 $15) 13... h3 14. g3 a6 15. a4 Bd7 16. g4 {[%emt 0:17:25] [#]} (16. a5) ({White should play} 16. a5 $11) 16... Bxg4 $1 $15 17. fxg4 Nfxg4 18. Nf1 $2 {[%emt 0:09:09] [#] This move loses the game for White.} (18. Bf4 $15 Bh6 19. Bxe5 (19. Bxg4 $2 Bxf4 20. Qe2 Qh4+ 21. Kd1 Qxg4 $19) 19... Nxe5 20. Nf3) 18... Nxe3 $146 ({Predecessor:} 18... Qh4+ 19. Kd2 f5 20. Bxg4 Nxg4 21. Rg1 Ne5 22. exf5 b5 23. axb5 axb5 24. Rxa8 Rxa8 25. Rxg6 Nxg6 26. fxg6 {0-1 (33) Smirnova,E (2178)-Utiatskaja,I (2214) Moscow 2019}) 19. Nxe3 Bh6 20. Nf1 Qh4+ 21. Ng3 f5 22. exf5 Rxf5 {[%emt 0:13:45] Threatens to win with ...Re8.} (22... gxf5 23. O-O Be3+ 24. Kh1 $11) 23. Nce4 {[%emt 0:04:45] [#]} ({Much worse is} 23. Rf1 Rxf1+ 24. Kxf1 Be3 $19) 23... Re8 $1 {[%emt 0:00:26][%cal Oe5g4] ...Ng4! is the strong threat.} ({And not} 23... Raf8 24. Ra3 $15) 24. Qc2 $2 (24. Rf1) 24... Nf3+ {[%emt 0:03:31][%mdl 64] Discovered Attack. Black is clearly winning.} 25. Kd1 Rxd5+ 26. Bd3 Rxe4 27. Nxe4 Qxe4 {[%emt 0:00:06] Weighted Error Value: White=1.24/Black=0.08 (flawless)} 0-1